[Event "*** Titled Tuesday Blitz"]
[Site "Chess.com"]
[Date "2019.06.04"]
[Round "3"]
[White "JoachimMouhamad"]
[Black "babadroga92"]
[Result "0-1"]
[WhiteElo "2332"]
[BlackElo "2598"]
[TimeControl "180+2"]
[EndTime "13:35:29 PDT"]
[Termination "babadroga92 won by resignation"]

1. e4 c5 2. Nf3 Nc6 3. d4 cxd4 4. Nxd4 Nf6 5. Nc3 e5 6. Ndb5 d6 7. Bg5 a6 8. Na3 b5 9. Nd5 Be7 10. Bxf6 Bxf6 11. c3 O-O 12. Nc2 Bg5 13. a4 Rb8 14. axb5 axb5 15. Bd3 Be6 16. Ncb4 Nxb4 17. Nxb4 Qd7 18. O-O Bd8 19. Bc2 Bb6 20. Bb3 Bc5 21.
Nd5 b4 22. cxb4 Bxb4 23. Qd3 Bc5 24. Ra2 Bd4 25. Rb1 h6 26. Bc4 Kh8 27. b4 f5 28. Ne3 Bxc4 29. Qxc4 fxe4 30. b5 Bxe3 31. fxe3 d5 32. Qe2 d4 33. exd4 Qxd4+ 34. Kh1 e3 35.
Qb2 Rf2 36. Qb3 e2 37. h3 Rf1+ 38. Kh2 Qf4+ 0-1

[Event "*** Titled Tuesday Blitz"]
[Site "Chess.com"]
[Date "2019.06.04"]
[Round "3"]
[White "jamengrand"]
[Black "SamCopeland"]
[Result "1-0"]
[WhiteElo "2130"]
[BlackElo "2088"]
[TimeControl "180+2"]
[EndTime "13:35:38 PDT"]
[Termination "jamengrand won on time"]

1. e4 Nf6 2. e5 Nd5 3. c4 Nb6 4.
c5 Nd5 5. d4 d6 6. Nc3 Nxc3 7.
bxc3 dxe5 8. Bc4 exd4 9. Nf3 e6 10. cxd4 Be7 11. Rb1 O-O 12. Bd3 Nc6 13. h4 g6 14.
h5 Nxd4 15. Bb2 Bf6 16. hxg6 fxg6 17. Rxh7 Kxh7 18. Nxd4 Qd5 19. Qg4 Qg5 20. Qh3+ Kg7 21. Nf3 Qxc5 22. Bxf6+ Rxf6 23. Rb5 Qc3+ 24. Ke2 Bd7 25.
Rb3 Qc5 26. Qg3 Rh8 27. Ne5 Rh5 28. Nxd7 1-0

[Event "*** Titled Tuesday Blitz"]
[Site "Chess.com"]
[Date "2019.06.04"]
[Round "3"]
[White "Chempiblinka"]
[Black "kasparicy"]
[Result "1-0"]
[WhiteElo "2197"]
[BlackElo "2346"]
[TimeControl "180+2"]
[EndTime "13:35:41 PDT"]
[Termination "Chempiblinka won by resignation"]

1. Nf3 Nf6 2. g3 g6 3. Bg2 Bg7 4. O-O d5 5. c4 O-O 6. cxd5 Nxd5 7. Nc3 Nb6 8. d4 a5 9. e4 a4 10. a3 Bg4 11. Be3 Ra5 12. d5 Nc4 13. Bc1 c6 14. h3 Bd7 15. Qe2 cxd5 16. exd5 Nd6 17. Re1 Re8 18.
Bg5 f6 19. Bd2 e5 20. dxe6 Rxe6 21. Qd3 Rxe1+ 22. Rxe1 Bf5 23. Qe2 Nc6 24. g4 Bc2 25. Bf4 Bb3 26. Qd2 Nf7 27. Qxd8+ Nfxd8 28. Bc7 Rc5 29. Bxd8 Nxd8 30. Re8+ Kf7 31. Rxd8 f5 32. Ng5+ Ke7 33.
Rd3 fxg4 34. Nge4 Rc4 35. hxg4 Bc2 36. Re3 Bd4 37. Nd2+ Bxe3 38. Nxc4 Bc1 39. Be4 Bb3 40. Nd5+ Kd8 41. Ndb6 Kc7 42. Kf1 Bxb2 43. Nxb2 Kxb6 44. Ke2 Ka5 45. Kd2 b5 46. Kc3 Kb6 47. Kb4 Be6 48.
g5 1-0

[Event "*** Titled Tuesday Blitz"]
[Site "Chess.com"]
[Date "2019.06.04"]
[Round "3"]
[White "enriquetejedor"]
[Black "ristingho"]
[Result "1-0"]
[WhiteElo "2560"]
[BlackElo "2510"]
[TimeControl "180+2"]
[EndTime "13:35:48 PDT"]
[Termination "enriquetejedor won by resignation"]

1. b3 d5 2. Bb2 Bg4 3. h3 Bh5 4. f4 Bg6 5. d3 e6 6. e3 Qh4+ 7. Ke2 Bh5+ 8. g4 Bxg4+ 9. hxg4 Qxh1 10. Nh3 Qh2+ 11. Nf2 Nf6 12. Bxf6 gxf6 13. Nd2 h5 14. Nf3 Qg3 15. g5 fxg5 16. Nxg5 Be7 17. Nf3 h4 18. Bh3 Nd7 19. c4 dxc4 20. bxc4 O-O-O 21. Qa4 Kb8 22. Rg1 Nc5 23. Qc2 Rhg8 24. Rxg3 hxg3 25. d4 gxf2 26. dxc5 Bxc5 27. Kxf2 Rh8 28. Bg2 Rd6 29. Ne5 Rhd8 30.
Ke2 f6 31. Nf7 Rg8 32. Qh7 Rxg2+ 33. Kf3 Rgd2 34. Qg8+ Rd8 35. Nxd8 1-0

[Event "*** Titled Tuesday Blitz"]
[Site "Chess.com"]
[Date "2019.06.04"]
[Round "3"]
[White "Jabberwockiez"]
[Black "Yeritsyan_Aram"]
[Result "1-0"]
[WhiteElo "2236"]
[BlackElo "2420"]
[TimeControl "180+2"]
[EndTime "13:35:48 PDT"]
[Termination "Jabberwockiez won by resignation"]

1. e4 e5 2. Nf3 Nc6 3. Bb5 a6 4. Ba4 Nf6 5. O-O Be7 6. Re1 b5 7. Bb3 O-O 8. h3 Bb7 9. d3 d5 10. exd5 Nxd5 11. Nxe5 Nxe5 12. Rxe5 Qd6 13. Re1 c5 14. c4 Nb6 15. cxb5 axb5 16. Nc3 Qc6 17. Qg4 Bf6 18. Ne4 Bd4 19. Be3 Bxe3 20. Rxe3 c4 21. Rg3 g6 22. Qh4 f5 23. Ng5 Qc7 24. Ne6 Qf7 25. Nxf8 cxb3 26. Nxh7 bxa2 27. Ng5 Qe7 28. Qh6 Qg7 29. Qxg7+ Kxg7 30. Ne6+ Kf7 31. Nd4 b4 32. Nb5 Bd5 33. Nc7 Bc6 34. Nxa8 Bxa8 35. Rxa2 Bd5 36. Ra7+ Kf6 37. Ra6 1-0

[Event "*** Titled Tuesday Blitz"]
[Site "Chess.com"]
[Date "2019.06.04"]
[Round "3"]
[White "DavidStevanic"]
[Black "fish7728"]
[Result "0-1"]
[WhiteElo "2160"]
[BlackElo "2246"]
[TimeControl "180+2"]
[EndTime "13:35:48 PDT"]
[Termination "fish7728 won on time"]

1. e4 c5 2. Nf3 Nc6 3. Bb5 g6 4. Bxc6 dxc6 5. d3 Bg7 6. Nc3 e5 7. Be3 Qe7 8. Qd2 h6 9. O-O-O Nf6 10. h3 Nd7 11. Nh2 b5 12. f4 Nb6 13. Ng4 b4 14.
Ne2 exf4 15. Bxf4 g5 16. Be3 Na4 17. d4 c4 18. c3 Qxe4 19. Ng3 Qg6 20. Rhe1 O-O 21.
cxb4 a5 22. b3 Nb6 23. bxa5 Nd5 0-1

[Event "*** Titled Tuesday Blitz"]
[Site "Chess.com"]
[Date "2019.06.04"]
[Round "3"]
[White "Bad4life"]
[Black "Gabix_94"]
[Result "0-1"]
[WhiteElo "2449"]
[BlackElo "2653"]
[TimeControl "180+2"]
[EndTime "13:35:51 PDT"]
[Termination "Gabix_94 won by resignation"]

1. e4 c5 2. Nf3 e6 3. d4 cxd4 4.
Nxd4 Nc6 5. Nc3 Qc7 6. Be3 a6 7. a3 b5 8. f4 Bb7 9. Qf3 Nf6 10. Bd3 Be7 11. O-O O-O 12. Kh1 Rac8 13. h3 d6 14. Rae1 Rfe8 15. Qg3 g6 16. Nxc6 Qxc6 17. Bd4 Rf8 18. Re2 Nh5 19. Qg4 Bf6 20. e5 dxe5 21.
fxe5 Bg7 22. Be4 Qc7 23. Bxb7 Qxb7 24. Ne4 Rfd8 25. Nd6 Rxd6 26. exd6 Bxd4 27. Rxe6 fxe6 28. Qxe6+ Kh8 29. Rf3 Rd8 30. Qe7 Qb8 31. Rf7 Bg7 32.
Qc7 Ng3+ 33. Kh2 Nf5 34. g4 Be5+ 35. Kg1 Qxc7 36. dxc7 Rc8 37. gxf5 Rxc7 38. fxg6 Rxf7 39. gxf7 Kg7 40. b3 Kxf7 41. c4 bxc4 42. bxc4 Bd6 43. a4 Bc5+ 44. Kg2 Ke6 45. Kf3 Kf5 46. Ke2 Ke4 0-1

[Event "*** Titled Tuesday Blitz"]
[Site "Chess.com"]
[Date "2019.06.04"]
[Round "3"]
[White "Jahonas"]
[Black "axvesik"]
[Result "1-0"]
[WhiteElo "2335"]
[BlackElo "2395"]
[TimeControl "180+2"]
[EndTime "13:35:51 PDT"]
[Termination "Jahonas won by resignation"]

1. d4 Nf6 2. c4 e6 3. Nf3 b6 4. g3 Bb7 5. Bg2 Be7 6. O-O O-O 7.
Nc3 Ne4 8. Qd3 Nxc3 9. Qxc3 f5 10.
Ne1 Bxg2 11. Nxg2 Bf6 12. b3 c5 13. e3 Nc6 14. Rd1 Qe7 15. Bb2 d6 16. Qd2 e5 17. dxc5 Kh8 18. cxd6 Qd7 19. b4 Rac8 20.
Rac1 Rfe8 21. c5 bxc5 22. bxc5 Rb8 23. Bc3 Rb5 24. Qd5 Rc8 25. a4 Rbb8 26. e4 fxe4 27. Qxe4 Nd4 28. Bxd4 exd4 29. Nf4 Re8 30. Qd5 Re5 31.
c6 Qf5 32. c7 Rc8 33. Qc6 1-0

[Event "*** Titled Tuesday Blitz"]
[Site "Chess.com"]
[Date "2019.06.04"]
[Round "3"]
[White "dusanacns"]
[Black "KhazarBabazada"]
[Result "1-0"]
[WhiteElo "2654"]
[BlackElo "2600"]
[TimeControl "180+2"]
[EndTime "13:35:52 PDT"]
[Termination "dusanacns won by resignation"]

1. e4 Nf6 2. e5 Nd5 3. d4 d6 4. Nf3 g6 5. Bc4 Nb6 6. Bb3 Bg7 7. Ng5 e6 8. f4 O-O 9. O-O Nc6 10. c3 dxe5 11.
fxe5 Nd5 12. Ne4 Na5 13. Bg5 Qd7 14. Bxd5 exd5 15. Nf6+ Bxf6 16. Bxf6 h6 17. Rf4 Kh7 18. Qc1 g5 19. Qc2+ Kg8 20. Rf2 Nc4 21. Nd2 Re8 22.
h4 Qg4 23. hxg5 hxg5 24. Nf1 Be6 25. Rf3 Qh4 26. Rg3 Kf8 27. Rxg5 Qe4 28. Qxe4 dxe4 29. Rh5 1-0

[Event "*** Titled Tuesday Blitz"]
[Site "Chess.com"]
[Date "2019.06.04"]
[Round "3"]
[White "nailbeshirli"]
[Black "chessmattersX"]
[Result "1-0"]
[WhiteElo "2659"]
[BlackElo "2460"]
[TimeControl "180+2"]
[EndTime "13:35:55 PDT"]
[Termination "nailbeshirli won by resignation"]

1. e4 e5 2. Nf3 Nc6 3. Nc3 Nf6 4. Bb5 Bd6 5. O-O a6 6. Bxc6 dxc6 7. d4 Nd7 8. Be3 O-O 9. h3 Qe7 10. Re1 b6 11. b3 Bb7 12. dxe5 Nxe5 13. Nd4 g6 14. f4 Nd7 15. Qg4 Bb4 16. Nf5 Qe6 17. Bd4 h5 18. Qg5 Bc5 19. Bxc5 Nxc5 20. Ne7+ Kg7 21.
Nf5+ Kg8 22. Re3 Rae8 23. Qh6 Qf6 24. Rae1 Qh8 25. Qg5 Ne6 26. Qg3 c5 27. Nd5 h4 28.
Nxh4 Qd4 29. c3 Qg7 30. f5 g5 31. fxe6 gxh4 32. Nf6+ 1-0

[Event "*** Titled Tuesday Blitz"]
[Site "Chess.com"]
[Date "2019.06.04"]
[Round "3"]
[White "x-6099009240"]
[Black "ellennilssen"]
[Result "0-1"]
[WhiteElo "2344"]
[BlackElo "2057"]
[TimeControl "180+2"]
[EndTime "13:36:00 PDT"]
[Termination "ellennilssen won by resignation"]

1. e4 e6 2. d4 d5 3. Nd2 c5 4. exd5 exd5 5. Ngf3 Nc6 6. dxc5 Bxc5 7. Bd3 Nf6 8. Qe2+ Be7 9. O-O O-O 10. Re1 Re8 11. Qd1 Qc7 12. h3 Bd7 13. Nb3 a6 14. Nbd4 Bd6 15. Bg5 Ne4 16. Be3 Rad8 17. c3 Ne7 18. Qb3 Nc5 19. Qc2 Ng6 20. Rad1 Ne4 21. Nd2 f5 22. f3 Nf6 23. Bxf5 Nh4 24. Bxd7 Qxd7 25. Bg5 Bg3 26. Rxe8+ Rxe8 27. Bxh4 Bxh4 28. Qf5 Qd6 29. Nf1 g6 30. Qd3 Nh5 31. Nb3 Re5 32.
c4 Nf4 33. Qd2 Re2 34. Qa5 Rxg2+ 35. Kh1 Qd7 36. Qxd5+ Nxd5 37. Kxg2 Nf4+ 38. Kg1 Qxd1 0-1

[Event "*** Titled Tuesday Blitz"]
[Site "Chess.com"]
[Date "2019.06.04"]
[Round "3"]
[White "raviteja81293"]
[Black "jacky72"]
[Result "0-1"]
[WhiteElo "2571"]
[BlackElo "2713"]
[TimeControl "180+2"]
[EndTime "13:36:02 PDT"]
[Termination "jacky72 won by resignation"]

1. d4 Nf6 2. Nf3 g6 3. g3 Bg7 4.
Bg2 O-O 5. O-O d6 6. c4 Nc6 7. Nc3 Bf5 8. Ne1 e5 9. d5 Ne7 10. e4 Bg4 11. f3 Bd7 12. Nd3 Nh5 13. c5 f5 14. cxd6 cxd6 15. Qb3 b6 16. Bg5 Bf6 17.
Bxf6 Nxf6 18. a4 fxe4 19. fxe4 Ng4 20. Rxf8+ Qxf8 21. h3 Ne3 22. Re1 Nxg2 23. Kxg2 Qh6 24. Nf2 Rf8 25. Qc2 Qh5 26. Qe2 Qg5 27. h4 Qh6 28.
Ng4 Qh5 29. Ne3 Qh6 30. Ng4 Qg7 31. Rf1 Rxf1 32. Kxf1 g5 33. h5 Qf7+ 34. Nf2 g4 35. Kg2 Qxh5 36. Qa6 Qf7 37. Qe2 h5 38. b3 Kg7 39. Nb1 Ng8 40. Nd2 Qf6 41. Qa6 h4 42.
gxh4 g3 43. Kxg3 Qf4+ 44. Kg2 Qxd2 45. Qxa7 Nf6 46. Qxb6 Nxe4 47. Qa7 Nf6 48. a5 e4 49. Kg3 e3 50. Ng4 Qe1+ 51. Kf4 Qxh4 52. Kxe3 Nxg4+ 0-1

[Event "*** Titled Tuesday Blitz"]
[Site "Chess.com"]
[Date "2019.06.04"]
[Round "3"]
[White "KazakhFighter04"]
[Black "FMJoseHerrera"]
[Result "1-0"]
[WhiteElo "2628"]
[BlackElo "2615"]
[TimeControl "180+2"]
[EndTime "13:36:02 PDT"]
[Termination "KazakhFighter04 won by checkmate"]

1. e4 c5 2. Nf3 e6 3. d4 cxd4 4.
Nxd4 a6 5. c4 Qc7 6. Nc3 b6 7.
f3 Bb7 8. Be3 Nf6 9. Be2 d6 10. O-O h5 11. a4 Nbd7 12. a5 bxa5 13. Nb3 Rb8 14. Nxa5 Ba8 15. Qd2 Be7 16. b4 h4 17. b5 h3 18. g3 Nc5 19. bxa6 Nxa6 20. Nb5 Qd7 21. Rfd1 d5 22. cxd5 exd5 23. e5 Nh5 24.
Nd4 Nc5 25. Rab1 Rxb1 26. Rxb1 O-O 27. g4 f6 28. e6 Qe8 29. Nf5 Nxe6 30. gxh5 Bd8 31.
Ng3 d4 32. Bf2 Bc7 33. Nb3 Nf4 34. Bc4+ Kh8 35. Nxd4 Be5 36. Nde2 Nxh5 37. Bd5 Nxg3 38. Nxg3 Qd7 39. Qb4 Rb8 40. Qh4# 1-0

[Event "*** Titled Tuesday Blitz"]
[Site "Chess.com"]
[Date "2019.06.04"]
[Round "3"]
[White "VFernandezB"]
[Black "vladimirdamjanovic"]
[Result "0-1"]
[WhiteElo "2343"]
[BlackElo "2497"]
[TimeControl "180+2"]
[EndTime "13:36:02 PDT"]
[Termination "vladimirdamjanovic won by checkmate"]

1. d4 Nf6 2. Nf3 c5 3. c4 cxd4 4. Nxd4 Nc6 5. Nc3 g6 6. e4 Nxd4 7. Qxd4 d6 8. Be3 Bg7 9. Qd2 Be6 10. Be2 Rc8 11. O-O Bxc4 12. Bxa7 b6 13. e5 Nd7 14.
exd6 O-O 15. Bxc4 Rxc4 16. Qe2 Qc8 17. dxe7 Re8 18. Rad1 Bxc3 19. bxc3 Rc7 20. Bxb6 Nxb6 21. Qb5 Nc4 22. Rd4 Rexe7 23. Rfd1 Kg7 24. h4 h5 25. a4 Rc5 26. Qb4 Rb7 27. Rd8 Qc6 28.
R1d6 Nxd6 29. Qf4 Rb1+ 30. Kh2 Nf5 31. g3 Qh1# 0-1

[Event "*** Titled Tuesday Blitz"]
[Site "Chess.com"]
[Date "2019.06.04"]
[Round "3"]
[White "TigranLPetrosyan"]
[Black "Witik"]
[Result "1-0"]
[WhiteElo "2835"]
[BlackElo "2605"]
[TimeControl "180+2"]
[EndTime "13:36:03 PDT"]
[Termination "TigranLPetrosyan won by resignation"]

1. Nf3 d5 2. g3 c6 3. Bg2 Bg4 4. h3 Bh5 5. O-O Nd7 6. d3 Ngf6 7. Nbd2 e5 8. e4 Bd6 9. exd5 cxd5 10. c4 O-O 11.
cxd5 Nxd5 12. Nc4 Bc7 13. Re1 Re8 14. Qb3 Nc5 15. Qa3 Bxf3 16. Bxf3 b6 17. d4 e4 18.
Bg2 Nd3 19. Rxe4 Nxc1 20. Rxc1 Rxe4 21. Bxe4 Rc8 22. Bxd5 Qxd5 23. Nd6 Rd8 24. Rxc7 Rxd6 25. Qxd6 Qxd6 26. Rc8+ Qf8 27. Rxf8+ Kxf8 28. Kg2 Ke7 29. Kf3 Kd6 30. Ke4 f5+ 31. Kxf5 Kd5 32. f4 a5 33.
g4 a4 34. g5 b5 35. a3 Kxd4 36. g6 h6 37. Ke6 Kc4 38. f5 Kb3 39. f6 Kxb2 40.
fxg7 1-0

[Event "*** Titled Tuesday Blitz"]
[Site "Chess.com"]
[Date "2019.06.04"]
[Round "3"]
[White "Anaiy"]
[Black "gemarin"]
[Result "0-1"]
[WhiteElo "1987"]
[BlackElo "2051"]
[TimeControl "180+2"]
[EndTime "13:36:04 PDT"]
[Termination "gemarin won by resignation"]

1. d4 d5 2. c4 c6 3. Nc3 Nf6 4. e3 e6 5. Bd3 Nbd7 6. Nf3 Be7 7.
O-O dxc4 8. Bxc4 b5 9. Bd3 a6 10. a3 c5 11. dxc5 Nxc5 12. Bc2 Bb7 13. b4 Nce4 14.
Nxe4 Nxe4 15. Nd4 O-O 16. Bb2 Qd5 17. Nf3 Rac8 18. Bb3 Qxd1 19. Rfxd1 Rfd8 20. Nd4 Nc3 21. Rdc1 Rxd4 22. Bxc3 Rd3 23. Be1 Rxc1 24. Rxc1 Rxb3 25. Rc7 Rb1 26. Kf1 Bd5 27. f3 Bf8 28. Kf2 f6 29. e4 Bc4 30. Bc3 Rc1 31. Bd4 Rc2+ 32. Kg3 Bd6+ 33. e5 Bxc7 0-1

[Event "*** Titled Tuesday Blitz"]
[Site "Chess.com"]
[Date "2019.06.04"]
[Round "3"]
[White "Taabling"]
[Black "MasterKroket"]
[Result "0-1"]
[WhiteElo "2251"]
[BlackElo "2355"]
[TimeControl "180+2"]
[EndTime "13:36:14 PDT"]
[Termination "MasterKroket won by resignation"]

1. c4 e6 2. Nf3 Nf6 3. b3 b6 4.
g3 Bb7 5. Bg2 Be7 6. Bb2 O-O 7.
O-O c5 8. d4 cxd4 9. Qxd4 Nc6 10. Qd2 d5 11. cxd5 Qxd5 12. Rd1 Qxd2 13. Nbxd2 Rac8 14. Nc4 Rfd8 15. Nfe5 Nd5 16. Nxc6 Bxc6 17. Ne5 Bb5 18.
Bxd5 Rxd5 19. Rxd5 exd5 20. e3 f6 21. Nf3 Rc2 22.
Bd4 Bc5 23. a4 Be2 24. Ne1 Bxd4 25. Nxc2 Bxa1 26. Nxa1 Kf7 27. f4 Ke6 28. Kf2 Bd3 29. b4 Kf5 30. a5 Ke4 31. Nb3 Bc4 32. Nd4 Kd3 33. Nc6 bxa5 34. bxa5 a6 35. f5 Kc2 36. g4 Kb3 37. h4 Ka4 38. Kg3 Kb5 39. Nd4+ Kxa5 40.
Ne6 Kb4 41. Nxg7 a5 42. Ne6 a4 43. Nd4 Kc3 44. g5 a3 45. g6 hxg6 46. fxg6 a2 47. g7 a1=Q 48. Nf5 d4 49. exd4 Qg1+ 50. Kf4 Be6 51.
Ng3 Qf2+ 0-1

[Event "*** Titled Tuesday Blitz"]
[Site "Chess.com"]
[Date "2019.06.04"]
[Round "3"]
[White "Dedic8"]
[Black "Eliwood44"]
[Result "0-1"]
[WhiteElo "2601"]
[BlackElo "2354"]
[TimeControl "180+2"]
[EndTime "13:36:14 PDT"]
[Termination "Eliwood44 won by checkmate"]

1. e4 e5 2. Nf3 Nc6 3. Bc4 Nf6 4. Ng5 d5 5. exd5 Na5 6. Bb5+ c6 7. dxc6 bxc6 8. Bd3 Ng4 9. Ne4 f5 10. Be2 h5 11. h3 fxe4 12. hxg4 Bc5 13. d3 O-O 14. O-O hxg4 15. d4 exd4 16. Bxg4 Qh4 17. Bxc8 Raxc8 18. b4 Bd6 19. g3 Bxg3 20. fxg3 Qxg3+ 21. Kh1 Qh3+ 22.
Kg1 Qg3+ 23. Kh1 Rxf1+ 24. Qxf1 Rf8 25. Qg2 Qe1+ 26. Kh2 Rf2 27. Nd2 Rxg2+ 28. Kxg2 Qe2+ 29. Kg3 Nc4 30. Nb3 Qf3+ 31. Kh2 Ne5 32. Kg1 Ng4 33. Be3 Qxe3+ 34. Kg2 Qf3+ 35. Kg1 Qf2+ 36. Kh1 Qh2# 0-1

[Event "*** Titled Tuesday Blitz"]
[Site "Chess.com"]
[Date "2019.06.04"]
[Round "3"]
[White "grzechu96"]
[Black "Fighterman91"]
[Result "1-0"]
[WhiteElo "2582"]
[BlackElo "2754"]
[TimeControl "180+2"]
[EndTime "13:36:16 PDT"]
[Termination "grzechu96 won on time"]

1. e4 c5 2. Nc3 Nc6 3. Nge2 d6 4. d4 cxd4 5. Nxd4 Nf6 6. Bg5 e6 7. Qd2 a6 8. O-O-O Bd7 9. f4 b5 10. Bxf6 gxf6 11. Kb1 Qb6 12. Nxc6 Bxc6 13. f5 h5 14. h4 b4 15. Ne2 e5 16. Ng3 Qc5 17. Bd3 a5 18. Qe2 a4 19. Nxh5 Ke7 20. g4 a3 21. Bc4 axb2 22. Rh3 Bh6 23. Bb3 Bc1 24.
g5 Ba4 25. Nxf6 Kf8 26. Bxa4 Qa5 27. Bb3 Kg7 28. Nh5+ Kf8 29. g6 1-0

[Event "*** Titled Tuesday Blitz"]
[Site "Chess.com"]
[Date "2019.06.04"]
[Round "3"]
[White "Cayse"]
[Black "Quiet_Desperation"]
[Result "1-0"]
[WhiteElo "2645"]
[BlackElo "2442"]
[TimeControl "180+2"]
[EndTime "13:36:18 PDT"]
[Termination "Cayse won by checkmate"]

1. d4 Nf6 2. Bf4 e6 3. e3 b6 4. Nf3 Bb7 5. c4 Be7 6. Nc3 O-O 7.
Bd3 d5 8. O-O Nbd7 9. cxd5 Nxd5 10. Nxd5 Bxd5 11. Qc2 c5 12. Bxh7+ Kh8 13. Be4 Nf6 14.
Bxd5 Qxd5 15. Rfd1 c4 16. Ne5 b5 17. f3 Nh5 18. e4 Qb7 19. Be3 Rac8 20. d5 exd5 21.
exd5 Bd6 22. Qf5 Nf6 23. Bg5 Bxe5 24. Qxe5 Rfe8 25. Qd4 Nh7 26. Bh6 f6 27. Be3 a6 28.
d6 Qd7 29. Re1 Re6 30. Bf4 Rce8 31. Rxe6 Rxe6 32. Qc5 g5 33. Qc7 Nf8 34. Bg3 f5 35.
Re1 f4 36. Rxe6 Qxe6 37. Bf2 Qd5 38. h3 b4 39. Kh2 Kg8 40. Be1 a5 41. a3 bxa3 42.
bxa3 a4 43. Bc3 g4 44. Qg7# 1-0

[Event "*** Titled Tuesday Blitz"]
[Site "Chess.com"]
[Date "2019.06.04"]
[Round "3"]
[White "soolking67"]
[Black "NMJeevanK"]
[Result "1-0"]
[WhiteElo "2545"]
[BlackElo "2420"]
[TimeControl "180+2"]
[EndTime "13:36:23 PDT"]
[Termination "soolking67 won by checkmate"]

1. d4 d5 2. c4 e6 3. Nc3 Bb4 4.
cxd5 exd5 5. Nf3 Nf6 6. Bf4 O-O 7. e3 Ne4 8. Qc2 Bf5 9. Bd3 Re8 10. O-O Bxc3 11.
bxc3 c6 12. Rab1 b6 13. Ne5 f6 14. f3 fxe5 15. fxe4 dxe4 16. Bc4+ Kh8 17. Bxe5 Rf8 18. Rf4 Nd7 19. Rbf1 Qg5 20. Qf2 Nxe5 21. dxe5 g6 22.
g4 b5 23. Bb3 h5 24. h4 Qe7 25. gxf5 g5 26. f6 Qxe5 27. Rf5 Qxc3 28. Rxg5 c5 29.
Rxh5# 1-0

[Event "*** Titled Tuesday Blitz"]
[Site "Chess.com"]
[Date "2019.06.04"]
[Round "3"]
[White "igorkovalenko"]
[Black "Marcus_Harvey"]
[Result "1-0"]
[WhiteElo "2887"]
[BlackElo "2628"]
[TimeControl "180+2"]
[EndTime "13:36:27 PDT"]
[Termination "igorkovalenko won by resignation"]

1. d4 Nf6 2. Nf3 e6 3. e3 d5 4. Bd3 Nbd7 5. O-O b6 6. c4 Bb7 7.
cxd5 exd5 8. b3 Bd6 9. Ba3 Qe7 10. Bxd6 Qxd6 11. Nc3 a6 12. Rc1 O-O 13. Ne2 Ne4 14.
Bxe4 dxe4 15. Nd2 b5 16. Nb1 Bd5 17. Nf4 Nf6 18. Nc3 Rac8 19. Ncxd5 Nxd5 20. Nxd5 Qxd5 21. Rc5 Qb7 22. Qc2 Rfe8 23. Rc1 Re7 24. b4 g6 25. g4 h6 26. h3 Kh7 27. a3 a5 28.
bxa5 Qa6 29. Qc3 Ra8 30. Rxc7 Rxc7 31. Qxc7 Kg8 32. Qe7 Qxa5 33. Rc7 Rf8 34. Kg2 Qa4 35. d5 Kg7 36. Ra7 Qc4 37. d6 Qd5 38. d7 Qd1 39.
Qxe4 Rd8 40. Qe5+ Kh7 41. Qe7 Qd5+ 42. e4 Qc4 43. Rb7 h5 44. gxh5 gxh5 45. Qe5 Rg8+ 46.
Kh2 Qe2 47. Qf5+ Kh8 48. Qf6+ Kh7 49. Qxf7+ Kh6 50. Qf6+ Rg6 51. Qf4+ Rg5 52. Rb6+ Kh7 53. Qf7+ Rg7 54. Qf5+ 1-0

[Event "*** Titled Tuesday Blitz"]
[Site "Chess.com"]
[Date "2019.06.04"]
[Round "3"]
[White "dereito"]
[Black "Torrentec"]
[Result "1-0"]
[WhiteElo "2294"]
[BlackElo "2410"]
[TimeControl "180+2"]
[EndTime "13:36:27 PDT"]
[Termination "dereito won by resignation"]

1. d3 d5 2. Nd2 Nf6 3. e4 e5 4. g3 Nc6 5. Bg2 Bg4 6. f3 Be6 7. Nh3 h6 8. Nf2 Qd7 9. O-O Bc5 10. Kh1 O-O-O 11. a3 Bb6 12. b4 dxe4 13. fxe4 Ng4 14.
Nxg4 Bxg4 15. Bf3 Bh3 16. Nc4 Bxf1 17. Bg4 Bh3 18. Bxd7+ Rxd7 19. Nxb6+ axb6 20. Be3 Rhd8 21. Qf3 Be6 22. Rf1 b5 23. Qe2 Nd4 24. Bxd4 Rxd4 25.
Qe3 b6 26. Kg2 Kb7 27. h3 Ra8 28. c3 Rd6 29. d4 Rxa3 30. d5 Ra2+ 31. Rf2 Rxf2+ 32.
Qxf2 Bc8 33. Qxf7 g5 34. Qg7 Bd7 35. Qxe5 Bc8 36. Qd4 c6 37. dxc6+ Rxc6 38. Qg7+ Ka6 39. Kf3 Be6 40. g4 Bb3 41. Ke3 Re6 42. Kd4 Rd6+ 43. Ke5 Rc6 44. Qh8 Kb7 45. Kd4 Rd6+ 46. Ke3 Rc6 47. Qd4 Rc4 48. Qd7+ Rc7 49. Qxb5 Rxc3+ 50. Kd4 Rxh3 51. Qd7+ Ka6 52. e5 Rh1 53. Kc3 Bd1 54. e6 Bxg4 55. Qa4+ Kb7 56. e7 Rh3+ 57. Kd4 Bh5 58.
Qd7+ Ka6 59. Qxh3 1-0

[Event "*** Titled Tuesday Blitz"]
[Site "Chess.com"]
[Date "2019.06.04"]
[Round "3"]
[White "chorejason"]
[Black "jmduque"]
[Result "0-1"]
[WhiteElo "2249"]
[BlackElo "2381"]
[TimeControl "180+2"]
[EndTime "13:36:27 PDT"]
[Termination "jmduque won by resignation"]

1. e4 e5 2. d4 exd4 3. c3 d5 4. exd5 Qxd5 5. cxd4 Nc6 6. Nf3 Bb4+ 7. Nc3 Bg4 8. Be2 Bxf3 9. Bxf3 Qc4 10. Be3 Bxc3+ 11. bxc3 Qxc3+ 12. Kf1 Nge7 13. Rc1 Qa5 14. g3 Qxa2 15.
Kg2 O-O 16. Re1 Nd5 17. Rc2 Qb3 18. Qc1 Ncb4 19. Rc4 Nd3 20. Bxd5 Nxc1 21. Rexc1 c6 22. Bf3 h6 23. R1c3 Qb5 24. Rc5 Qb1 25. Rc2 a5 26. Rc1 Qg6 27. Bh5 Qd6 28. Bf3 a4 29. R5c2 a3 30. d5 a2 31. Ra1 cxd5 32. Rcxa2 Rxa2 33. Rxa2 d4 34. Rd2 Rd8 35. Rxd4 Qxd4 36. Bxd4 Rxd4 37.
Bxb7 g5 38. Bf3 g4 39. Bc6 Kg7 40. Bb7 Kf6 41. Bc6 Ke5 42. Be8 f5 43. Bc6 f4 44.
gxf4+ Kxf4 45. Bb7 Rd2 46. Kf1 h5 47. Ke1 Rb2 48.
Kf1 Rxb7 0-1

[Event "*** Titled Tuesday Blitz"]
[Site "Chess.com"]
[Date "2019.06.04"]
[Round "3"]
[White "Valuebet2000"]
[Black "Antipov_Mikhail_Al"]
[Result "0-1"]
[WhiteElo "2538"]
[BlackElo "2876"]
[TimeControl "180+2"]
[EndTime "13:36:30 PDT"]
[Termination "Antipov_Mikhail_Al won by checkmate"]

1. e4 e6 2. d4 d5 3. Nd2 h6 4. Bd3 c5 5. exd5 Qxd5 6. Ngf3 cxd4 7.
O-O Nf6 8. Bc4 Qd7 9. Nb3 Nc6 10. Nbxd4 a6 11. a4 Bd6 12. h3 O-O 13. c3 Qc7 14. Qe2 Bd7 15. Re1 Rae8 16. Be3 e5 17. Nxc6 Bxc6 18.
Bb3 Nd5 19. Nh4 Be7 20. Nf5 Nxe3 21. Nxe7+ Qxe7 22. Qxe3 Kh8 23. a5 f5 24. f4 Qc7 25. fxe5 f4 26. Qb6 Qb8 27. Rf1 f3 28. Rae1 fxg2 29. Rxf8+ Rxf8 30. Qe3 Qd8 31. Bc2 Qxa5 32.
Qd3 Qb6+ 33. Kh2 g1=Q+ 34. Rxg1 Qf2+ 35. Rg2 Qxg2# 0-1

[Event "*** Titled Tuesday Blitz"]
[Site "Chess.com"]
[Date "2019.06.04"]
[Round "3"]
[White "NateSolon"]
[Black "Korchmar_Vasiliy"]
[Result "0-1"]
[WhiteElo "2492"]
[BlackElo "2778"]
[TimeControl "180+2"]
[EndTime "13:36:31 PDT"]
[Termination "Korchmar_Vasiliy won by checkmate"]

1. d4 d5 2. c4 e6 3. Nc3 Bb4 4. e3 Nf6 5. Ne2 dxc4 6. Qa4+ Nc6 7. a3 Bd6 8. Qxc4 e5 9. d5 Ne7 10. e4 c6 11. dxc6 Nxc6 12. Bg5 Be6 13. Qa4 h6 14. Bh4 g5 15. Bg3 Qb6 16. Qb5 Qc7 17. Rd1 O-O-O 18.
Nd5 Bxd5 19. exd5 Nd4 20. Nxd4 exd4 21. Bc4 Rhe8+ 22. Kf1 Kb8 23. Qb3 Ne4 24. Bd3 Nc5 25.
Qc2 Qe7 26. Qxc5 Ka8 27. Bxd6 Rxd6 28. g3 Qe5 29. Kg2 Rxd5 30. Qc4 Red8 31. Rhe1 Qf6 32. Rc1 a6 33. Be4 R5d7 34. Qd3 h5 35. Rc5 h4 36. Rec1 Ka7 37. Rc7 Kb8 38. Rxd7 Rxd7 39. Qc4 Qd6 40. b4 d3 41. Rd1 d2 42. Bf3 Qf6 43.
Qc5 h3+ 44. Kg1 Qxf3 45. Qf8+ Ka7 46. Qc5+ b6 47. Qc2 Qg2# 0-1